 Dungeon Crawl Stone Soup version 0.28-a0-476-g0f06bd746f (webtiles) character file.

Game seed: 17945151751896652338

233 Rennog the Magician (level 5, -1/28 HPs)
             Began as a Deep Elf Hedge Wizard on Sept 16, 2021.
             Slain by a bullfrog (2 damage)
             ... on level 3 of the Dungeon.
             The game lasted 00:06:11 (3640 turns).

Rennog the Magician (Deep Elf Hedge Wizard)         Turns: 3640, Time: 00:06:11

Health: -1/28      AC:  3    Str:  7    XL:     5   Next: 74%
Magic:  7/16       EV: 13    Int: 20    God:
Gold:   96         SH:  0    Dex: 14    Spells: 12/17 levels left

rFire   + . .      SeeInvis .   k - +1 hand axe (flame)
rCold   . . .      Faith    .   (no shield)
rNeg    . . .      Spirit   .   b - +0 robe
rPois   .          Reflect  .   c - +0 hat
rElec   .          Harm     .   f - +0 cloak
rCorr   .          Rampage  .   (no gloves)
Will    .....                   (no boots)
Stlth   ++........              (no amulet)
HPRegen 0.09/turn               e - ring of protection from fire
MPRegen 0.15/turn               (no ring)

@: no status effects
A: no striking features
a: no special abilities


You were on level 3 of the Dungeon.
You visited 1 branch of the dungeon, and saw 4 of its levels.

You collected 96 gold pieces.

Inventory:

Hand Weapons
 a - a +0 dagger
 k - a +1 hand axe of flaming (weapon)
Armour
 b - a +0 robe (worn)
 c - a +0 hat (worn)
 f - a +0 cloak (worn)
Jewellery
 e - a ring of protection from fire (left hand)
 h - a ring of positive energy
Wands
 l - a wand of polymorph (14)
Scrolls
 d - a scroll of fear {unknown}
 g - 2 scrolls of fog {unknown}
 i - 2 scrolls of vulnerability {unknown}
 m - a scroll of enchant armour {unknown}
 o - 2 scrolls of identify {unknown}
 s - a scroll of teleportation {unknown}
Potions
 j - a potion of berserk rage {unknown}
 n - a potion of flight {unknown}
 p - a potion of lignification {unknown}
 q - 2 potions of attraction {unknown}
 r - a potion of curing {unknown}


   Skills:
 + Level 4.1 Dodging
 - Level 2.4 Stealth
 * Level 6.9 Spellcasting
 + Level 3.2 Conjurations
 - Level 1.1 Summonings
 - Level 1.1 Translocations


You had 12 spell levels left.
You knew the following spells:

 Your Spells              Type           Power      Damage    Failure   Level
a - Magic Dart            Conj           76%        1d6       2%          1
b - Blink                 Tloc           N/A        N/A       9%          2
c - Call Imp              Summ           11%        N/A       9%          2

Your spell library contained the following spells:

 Spells                   Type           Power      Damage    Failure   Level
 Slow                     Hex            6%         N/A       14%         2
 Conjure Flame            Conj/Fire      13%        6-21      14%         3
 Mephitic Cloud           Conj/Pois/Air  11%        N/A       19%         3


Dungeon Overview and Level Annotations

Branches:
Dungeon (4/15)
 Temple: D:4-7

Altars:
Trog

Shops:
D:3 *

Annotations:
D:3 1 runed translucent door, siradein's ghost, amateur DDNe


Message History

Your shadow imp dies!
Your shadow imp disappears in a puff of smoke!
The bullfrog hits you! The bullfrog misses you. The bullfrog hits you.
The bullfrog closely misses you. The bullfrog hits you. The bullfrog hits you.
Casting: Call Imp (safe; 9% risk of failure)
Confirm with . or Enter, or press ? or * to list all spells.
You miscast Blink.
You are very lightly contaminated with residual magic.
Nothing appears to happen.
The bullfrog barely misses you.
Casting: Blink (safe; 9% risk of failure)
Confirm with . or Enter, or press ? or * to list all spells.
You blink.
Casting: Blink (safe; 9% risk of failure)
Confirm with . or Enter, or press ? or * to list all spells.
You blink.
Your magical contamination has completely faded away.
There is a stone staircase leading up here.
The bullfrog hits you.
You climb upwards.
Level annotation: 1 runed translucent door, siradein's ghost, amateur DDNe
There is a stone staircase leading down here.
Casting: Blink (safe; 9% risk of failure)
Confirm with . or Enter, or press ? or * to list all spells.
A beastly little devil appears in a puff of flame.
The bullfrog hits you.
* * * LOW HITPOINT WARNING * * *
The bullfrog hits you but does no damage.
Your crimson imp blinks!
The bullfrog barely misses you. The bullfrog hits you.
* * * LOW HITPOINT WARNING * * *
Casting: Call Imp (safe; 9% risk of failure)
Confirm with . or Enter, or press ? or * to list all spells.
You blink.
Your crimson imp closely misses the bullfrog.
The bullfrog hits you.
You die...

#.# #.##.##..#.#
#.#########
##.######.##.###.#.#
#..........
#.........##.# #.#.#
###########
##......####.# #...#
.............# ##..#
######
........#########..##
#.....
....................#
#.####
....................#
#.#<..
##.....[........@5..#
#.###.
##..............F..>#
#.###.
................ยง...#
#.#...
......##.......#+####
#.#.##
......##.........#
#.#...
......##.......###
#.####
###....+.......####
#.# #
#.####..........# #.#
# #.# ###..###...# #.#


You could see a bullfrog (ally target) and a friendly crimson imp (summoned).

Vanquished Creatures
  A black bear (D:4)
  A bullfrog zombie (D:3)
  A hound skeleton (D:2)
  3 adders
  2 worms (D:3)
  4 dart slugs
  3 ball pythons
  2 bats (D:3)
  An endoplasm (D:2)
  A giant cockroach (D:3)
  4 hobgoblins
  3 kobolds
  3 quokkas
  4 frilled lizards
  9 goblins
  3 rats
45 creatures vanquished.

Vanquished Creatures (collateral kills)
  An adder (D:3)
  A worm (D:2)
  A hobgoblin (D:2)
3 creatures vanquished.

Vanquished Creatures (others)
  2 plants (D:4)
2 creatures vanquished.

Grand Total: 50 creatures vanquished

Notes
Turn   | Place    | Note
-------+----------+-------------------------------------------
     0 | D:1      | Rennog the Deep Elf Hedge Wizard began the quest for the
                  | Orb.
     0 | D:1      | Reached XP level 1. HP: 10/10 MP: 7/7
   147 | D:1      | Found a faded altar of an unknown god.
   264 | D:1      | Reached XP level 2. HP: 15/15 MP: 6/9
   586 | D:1      | Learned a level 2 spell: Blink
   885 | D:2      | Learned a level 2 spell: Call Imp
   927 | D:2      | Reached skill level 5 in Spellcasting
  1018 | D:2      | Reached XP level 3. HP: 7/19 MP: 1/11
  2247 | D:3      | Found Hic Mywn's Assorted Antiques.
  2248 | D:3      | Found a bloodstained altar of Trog.
  2318 | D:3      | Reached XP level 4. HP: 23/24 MP: 4/13
  2834 | D:3      | Reached skill level 6 in Spellcasting
  3155 | D:3      | Found a runed translucent door.
  3155 | D:3      | Noticed siradein's ghost (amateur DDNe)
  3283 | D:4      | Noticed a bullfrog
  3363 | D:4      | Noticed a black bear
  3369 | D:3      | Reached XP level 5. HP: 23/28 MP: 11/15
  3460 | D:4      | Killed a black bear
  3638 | D:3      | HP: 1/28 [bullfrog (5)]
  3640 | D:3      | Slain by a bullfrog

Illustrated notes

Levels and vault maps discovered:
D:1:      erik_arrival_orb_chamber, layout_rooms, ebering_ecumenical_altar_hall
D:2:      layout_basic, roderic_serpentine_path
D:3:      layout_basic, bloody_trog, serial_shops, shop, gammafunk_ghost_grave,
          minivault_5, corexii_hall_statues_s
D:4:      layout_rooms, fedhas_ov_isle_minmay, zin_treasury

Skill      XL: |  1  2  3  4  5 |
---------------+----------------+-----
Spellcasting   | 5 6 |  6.9
Dodging        | 3 4 |  4.1
Conjurations   | 2 3 |  3.2
Stealth        | |  2.4
Summonings     | |  1.1
Translocations | |  1.1

Action                   |  1- 3 |  4- 6 || total
-------------------------+-------+-------++-------
Melee: Dagger            |     1 |       ||     1
       Hand axe          |     3 |       ||     3
 Cast: Magic Dart        |    79 |    60 ||   139
       Call Imp          |     5 |     5 ||    10
       Blink             |     1 |     6 ||     7
Armor: Robe              |     2 |     3 ||     5
Dodge: Dodged            |    21 |    19 ||    40

Table legend: (Time is in decaauts)
 A = Elapsed time spent in this place.
 B = Non-inter-level travel time spent in this place.
 C = Inter-level travel time spent in this place.
 D = Time resting spent in this place.
 E = Time spent auto-exploring this place.
 F = Levels seen in this place.
 G = Mean time per level.
                   A        B        C        D        E       F      G
               +--------+--------+--------+--------+--------+-----+--------+
         Total |   3641 |   3505 |    136 |      0 |   3096 |   4 |  910.2 |
       Dungeon |   3641 |   3505 |    136 |      0 |   3096 |   4 |  910.2 |
               +--------+--------+--------+--------+--------+-----+--------+

Top non-repeatable levels by time:
     D:3: 1298 daAuts
     D:2: 1231 daAuts
     D:1: 880 daAuts
     D:4: 231 daAuts
